 Dungeon Crawl Stone Soup version 0.30-a0-377-g5cb311bc9f (webtiles) character file.

Game seed: 12448619101948970798

13 qeuew the Trooper (level 2, -5/24 HPs)
             Began as a Demonspawn Chaos Knight on Nov 30, 2022.
             Was a Plaything of Xom.
             Slain by a chaos spawn (6 damage)
             ... summoned by Xom
             ... on level 1 of the Dungeon.
             The game lasted 00:00:23 (343 turns).

qeuew the Trooper (Demonspawn Chaos Knight)          Turns: 343, Time: 00:00:24

Health: -5/24      AC:  5    Str: 12    XL:     2   Next: 24%
Magic:  2/2        EV: 11    Int: 13    God:    Xom [.....*]
Gold:   52         SH:  0    Dex: 12    Spells: 1/1 levels left

rFire   . . .      SeeInvis .    a - +0 mace (chaos)
rCold   . . .      Faith    .    (no shield)
rNeg    . . .      Spirit   .    b - +2 leather armour
rPois   .          Reflect  .    (no helmet)
rElec   .          Harm     .    (no cloak)
rCorr   .          Rampage  .    (no gloves)
Will    .....                    (no boots)
Stlth   +.........               (no amulet)
HPRegen 0.24/turn                (no ring)
MPRegen 0.08/turn                (no ring)

@: no status effects
A: demonic touch 1
a: Renounce Religion


You were on level 1 of the Dungeon.
You worshipped Xom.
You were Xom's teddy bear.
You visited 1 branch of the dungeon, and saw 1 of its levels.

You collected 52 gold pieces.

Inventory:

Hand Weapons
 a - a +0 mace of chaos (weapon)
Armour
 b - a +2 leather armour (worn)
Potions
 d - 2 potions of lignification {unknown}
 e - a potion of curing {unknown}
Miscellaneous
 c - a piece from Xom's chessboard (15/15) (quivered)


   Skills:
 + Level 3.1 Fighting
 + Level 2.8 Maces & Flails
 + Level 2.0 Armour
 + Level 1.2 Dodging
 + Level 0.6 Evocations


You had one spell level left.
You didn't know any spells.
Your spell library was empty.

Dungeon Overview and Level Annotations

Branches:
Dungeon (1/15)

Altars:


Innate Abilities, Weirdness & Mutations

Your touch may inflict minor irresistible damage on your foes.


Message History

No target in view!
No target in view!
No target in view!
HP restored.
A rat comes into view.
A rat is nearby!
A rat is nearby!
The rat misses you.
You closely miss the rat. The rat bites you but does no damage.
You hit the rat. You burn the rat.
You kill the rat!
No target in view!
No target in view!
No target in view!
No target in view!
e - a sedimented ruby potion You now have 52 gold pieces (gained 13).
You enter the shallow water.
Moving in this stuff is going to be slow.
There is a shaft here. "Let's see if it's strong enough to survive yet."
You are now Xom's teddy bear.
Items here: )) ††.
A chaos spawn is nearby!
The chaos spawn hits you!
Ouch! That really hurt!
The chaos spawn freezes you!
* * * LOW HITPOINT WARNING * * *
You are too injured to fight recklessly!
You are too injured to fight recklessly!
You are too injured to fight recklessly!
You are too injured to fight recklessly!
You are too injured to fight recklessly!
You are too injured to fight recklessly!
You are too injured to fight recklessly!
You are too injured to fight recklessly!
You are too injured to fight recklessly!
Unknown command.
You barely miss the chaos spawn. The chaos spawn gores you.
You die...

#8...8#..#.# ...
##...###.#.# .. #...#
#...#. #. ##...###...#..
##. #8...8##...#...##..
##...##....#.......
#.........##......
#..#####..).....######.
#.....@)..#.....######.
#....4#####....##......
#8..............#.......
##....###..(....#...##..
#..........##..#.. ##.
#..........##..#. #.
#.###8###8#####.# .. ##
# ## #.# ... #######.#+
....


You could see a chaos spawn (summoned).

Vanquished Creatures
  A dart slug (D:1)
  An endoplasm (D:1)
  A giant cockroach (D:1)
  A goblin (D:1)
  2 ball pythons (D:1)
  A bat (D:1)
  A frilled lizard (D:1)
  2 kobolds (D:1)
  A rat (D:1)
11 creatures vanquished.

Notes
Turn   | Place    | Note
-------+----------+-------------------------------------------
     0 | D:1      | qeuew the Demonspawn Chaos Knight began the quest for the
                  | Orb.
     0 | D:1      | Reached XP level 1. HP: 18/18 MP: 1/1
    33 | D:1      | Reached skill level 1 in Dodging
   141 | D:1      | XOM: divination: detect creatures
   166 | D:1      | Discovered your monstrous ancestry.
   166 | D:1      | Gained mutation: Your touch may inflict minor irresistible
                  | damage on your foes. [demonic ancestry]
   166 | D:1      | Reached XP level 2. HP: 24/24 MP: 2/2
   341 | D:1      | XOM: summons 1 hostile demon
   342 | D:1      | Noticed a chaos spawn
   342 | D:1      | HP: 1/24 [chaos spawn[Xom] (9)]
   343 | D:1      | Slain by a chaos spawn

Illustrated notes

Levels and vault maps discovered:
D:1:      minmay_arrival_four_loops, layout_rooms, serial_corexii_hall,
          corexii_hall_statues_l, chequers_hall_statues_corner_a,
          corexii_hall_statues_l, serial_bayou_pond_a,
          wander_ebering_terrifying_dragon_lair

Skill      XL: |  1  2 |
---------------+-------+-----
Dodging        | 1 |  1.2
Armour         | 2 |  2.0
Fighting       | |  3.1
Maces & Flails | |  2.8
Evocations     | |  0.6

Action                   || total
-------------------------++-------
Melee: Mace              ||    21
       Touch             ||     1
Armor: Leather armour    ||     6
Dodge: Dodged            ||    13

Table legend: (Time is in decaauts)
 A = Elapsed time spent in this place.
 B = Non-inter-level travel time spent in this place.
 C = Inter-level travel time spent in this place.
 D = Time resting spent in this place.
 E = Time spent auto-exploring this place.
 F = Levels seen in this place.
 G = Mean time per level.
                   A        B        C        D        E       F      G
               +--------+--------+--------+--------+--------+-----+--------+
         Total |    349 |    349 |      0 |      0 |    284 |   1 |  349.0 |
       Dungeon |    349 |    349 |      0 |      0 |    284 |   1 |  349.0 |
               +--------+--------+--------+--------+--------+-----+--------+

Top non-repeatable levels by time:
     D:1: 349 daAuts
